 Dungeon Crawl Stone Soup version 0.21-a0-91-ga5031da (webtiles) character file.

1018 Gorglomux the Skirmisher (level 8, -3/57 HPs)
             Began as an Octopode Venom Mage on June 29, 2017.
             Was a Follower of Sif Muna.
             Slain by an orc warrior
             ... wielding a +0 short sword
              (16 damage)
             ... on level 5 of the Dungeon.
             The game lasted 00:10:25 (4977 turns).

Gorglomux the Skirmisher (Octopode Venom Mage)      Turns: 4977, Time: 00:10:26

Health: -3/57      AC:  3    Str: 11    XL:     8   Next: 22%
Magic:  1/11       EV: 14    Int: 20    God:    Sif Muna [*.....]
Gold:   264        SH:  0    Dex: 12    Spells: 1/11 levels left

rFire    x . .     SeeInvis +   C - +2 short sword (elec)
rCold    + . .     Gourm    .   (no shield)
rNeg     . . .     Faith    .   H - +2 hat {SInv}
rPois    .         Spirit   .   (no amulet)
rElec    .         Reflect  .   S - ring of ice (curse)
rCorr    .         Harm     .   X - +4 ring of strength
MR       .....                  (no ring)
Stlth    +++.......             (no ring)
HPRegen  0.19/turn              (no ring)
MPRegen  0.12/turn              (no ring)
                                (no ring)
                                (no ring)

@: very slightly contaminated, divine energy
A: almost no armour, stealthy swim, amphibious, 8 rings, constrict 8, camouflage
1, gelatinous body 1
a: Stop Divine Energy, Renounce Religion


You were on level 5 of the Dungeon.
You worshipped Sif Muna.
Sif Muna was aware of your devotion.
You were not hungry.

You visited 1 branch of the dungeon, and saw 5 of its levels.
You also visited: Sewer.

You collected 264 gold pieces.

Inventory:

Hand Weapons
 A - a +0 whip
 C - a +2 short sword of electrocution (weapon)
Armour
 H - a +2 hat of see invisible (worn)
Jewellery
 B - an uncursed ring of stealth {unknown}
 S - a cursed ring of ice (left tentacle)
 X - a +4 ring of strength (right tentacle)
Wands
 I - a wand of iceblast (7/15)
Scrolls
 J - a scroll of recharging {unknown}
 K - 2 scrolls of enchant armour {unknown}
 M - a scroll of random uselessness {unknown}
 P - 3 scrolls of remove curse
 Q - 2 scrolls of fog {unknown}
 T - 3 scrolls of teleportation
 V - a scroll of identify {unknown}
 Y - a scroll of magic mapping {unknown}
Potions
 e - 4 potions of curing {unknown}
 D - a potion of resistance {unknown}
 E - a potion of magic {unknown}
 F - 5 potions of agility {unknown}
 G - a potion of cancellation {unknown}
 L - a potion of brilliance {unknown}
 N - a potion of degeneration {unknown}
 R - a potion of lignification {unknown}
 U - 3 potions of heal wounds {unknown}
 W - 4 potions of flight
Books
 a - a Young Poisoner's Handbook

   Spells                             Type                      Level
   a - Sting                          Conjuration/Poison           1
   b - Poisonous Vapours              Poison/Air                   2
   c - Mephitic Cloud                 Conjuration/Poison/Air       3
   d - Olgreb's Toxic Radiance        Poison                       4
   e - Venom Bolt                     Conjuration/Poison           5
Comestibles
 b - 4 bread rations
 z - 3 meat rations
 O - 6 fruits
 Z - a chunk of flesh


   Skills:
 - Level 6.0 Fighting
 - Level 4.0 Dodging
 - Level 4.0 Stealth
 - Level 2.0 Spellcasting
 + Level 3.3 Conjurations
 + Level 3.0 Air Magic
 + Level 5.1 Poison Magic


You had one spell level left.
You knew the following spells:

 Your Spells              Type           Power        Failure   Level  Hunger
a - Sting                 Conj/Pois      ###.         2%          1    #......
b - Poisonous Vapours     Pois/Air       ###...       4%          2    ##.....
c - Olgreb's Toxic Radia  Pois           ###.....     19%         4    #####..
m - Mephitic Cloud        Conj/Pois/Air  ###.....     10%         3    ###....


Dungeon Overview and Level Annotations

Branches:
Dungeon (5/15)
 Temple: D:4-7

Altars:
Elyvilon
Hepliaklqana
Sif Muna
Trog


Innate Abilities, Weirdness & Mutations

You cannot wear most types of armour.
You are very stealthy in the water. (Stealth+)
You are amphibious.
You can wear up to eight rings at the same time.
You can use your tentacles to constrict eight enemies at once.
Your skin changes colour to match your surroundings (Stealth+).
Your rubbery body absorbs attacks. (AC +1, EV +1)


Message History

Aiming: Mephitic Cloud
Press: ? - help, Shift-Dir - straight line, f/p - orc warrior
Aim: an orc warrior, wielding a short sword and wearing a chain mail (almost dead)
The ball explodes into a vile cloud!
The stinking cloud engulfs the orc warrior.
The orc warrior is almost dead.
The stinking cloud engulfs the orc.
Sif Muna grants you divine energy.
You briefly lose access to your magic!
The orc warrior is engulfed in noxious fumes.
The orc warrior appears confused.
The orc is engulfed in noxious fumes.
The orc appears confused.
Unknown command.
The orc warrior is engulfed in noxious fumes.
The orc warrior appears confused.
The orc warrior is engulfed in noxious fumes.
The orc warrior appears confused.
You regain access to your magic.
The orc warrior hits you with a short sword!
You die...

..##...........##..........
#....##.....#..#..##....... #
...# #.....#....###.####.# #.
#.# #.........###..# #.# #.#
#.# #.......#.##..## #.#
#..####.#####.....#......## #.#
#...##..#.....##.##..#.### #.#
#.#....$..#..###[....#.### #.#
# #.......#o.§§o@...##...# #[#
#.#.[.#.#######...####.### #.#
#..†)...#...........<....# #.#
#.......#.............##.# #.#
#.#...#.#.............##.####.#
#.......#.....................#
#.....).#.....#...######.##....
#.#...#.#######...# #.......
#.......# #...# ####....


You could see an orc warrior (confused) and an orc (confused).

Vanquished Creatures
  Edmund (D:4)
  An ogre (D:4)
  2 phantoms (D:4)
  A water moccasin zombie (D:5)
  A scorpion (D:4)
  2 crimson imps
  A hound (D:5)
  2 merfolk sirens (Sewer)
  An orc wizard (D:5)
  3 worker ants (D:4)
  A merfolk avatar (Sewer)
  A hound skeleton (D:5)
  Robin (D:2)
  A howler monkey zombie (D:5)
  5 adders
  5 river rats
  An ooze (D:1)
  5 worms
  7 leopard geckos
  11 orcs
  6 ball pythons
  3 giant cockroaches
  13 goblins
  8 hobgoblins
  6 jackals
  8 kobolds
  2 quokkas
  A ball python skeleton (D:4)
  5 bats
  17 frilled lizards
  30 rats
152 creatures vanquished.

Notes
Turn   | Place    | Note
-------+----------+-------------------------------------------
     0 | D:1      | Gorglomux the Octopode Venom Mage began the quest for the Orb.
     0 | D:1      | Reached XP level 1. HP: 11/11 MP: 3/3
   187 | D:1      | Reached skill level 3 in Stealth
   281 | D:1      | Reached XP level 2. HP: 17/17 MP: 3/5
   354 | D:1      | Learned a level 2 spell: Poisonous Vapours
   687 | D:1      | Reached XP level 3. HP: 14/21 MP: 1/6
  1187 | D:2      | Found a white marble altar of Elyvilon.
  1191 | D:2      | Reached skill level 3 in Dodging
  1641 | D:2      | Reached XP level 4. HP: 22/27 MP: 2/7
  1755 | D:2      | Noticed Robin
  1762 | D:2      | Learned a level 4 spell: Olgreb's Toxic Radiance
  1766 | D:2      | Killed Robin
  1910 | D:2      | Found a deep blue altar of Sif Muna.
  1934 | D:2      | Became a worshipper of Sif Muna the Loreminder
  2206 | D:3      | Reached skill level 1 in Fighting
  2809 | D:4      | Reached skill level 2 in Fighting
  2809 | D:4      | Reached XP level 5. HP: 34/35 MP: 8/8
  2815 | D:4      | Found a bloodstained altar of Trog.
  2941 | D:4      | Noticed a phantom
  2962 | D:4      | Killed a phantom
  2962 | D:4      | Reached skill level 3 in Fighting
  2962 | D:4      | Reached XP level 6. HP: 38/43 MP: 9/9
  3008 | D:4      | Found a hazy altar of Hepliaklqana.
  3056 | D:4      | Reached skill level 4 in Fighting
  3182 | D:4      | Noticed a phantom
  3198 | D:4      | Killed a phantom
  3198 | D:4      | Reached skill level 5 in Fighting
  3256 | D:4      | Reached XP level 7. HP: 40/50 MP: 5/10
  3279 | D:4      | Found a glowing drain.
  3286 | Sewer    | Entered a sewer
  3586 | Sewer    | Reached skill level 6 in Fighting
  3667 | Sewer    | Reached * piety under Sif Muna
  4187 | D:4      | Reached skill level 1 in Air Magic
  4190 | D:4      | Noticed Edmund
  4205 | D:4      | Killed Edmund
  4274 | D:4      | Learned a level 3 spell: Mephitic Cloud
  4425 | D:5      | Entered Level 5 of the Dungeon
  4435 | D:5      | Reached XP level 8. HP: 57/57 MP: 3/11
  4695 | D:5      | Reached skill level 3 in Conjurations
  4941 | D:5      | Reached skill level 3 in Air Magic
  4977 | D:5      | Slain by an orc warrior

Vault maps used:
D:1:      lightli_arrival_flooded_house
D:2:      elyvilon_altar_5, led_sif_pool, uniq_robin
D:3:      nicolae_underground_beach
D:4:      old_standard_altar, lemuel_crystal_altar, lightli_sewer_entry_pipes,
          uniq_edmund
D:5:      temple_hall, serial_shops, kennysheep_mini_moat, first_bread
Sewer:    sewer_sea

Skill      XL: |  1  2  3  4  5  6  7  8 |
---------------+-------------------------+-----
Stealth        | 3 4 |  4.0
Dodging        | 3 4 |  4.0
Fighting       | 2 3 5 6 |  6.0
Poison Magic   | 4 5 |  5.1
Conjurations   | 2 3 |  3.3
Air Magic      | 2 3 |  3.0
Spellcasting   | |  2.0

Action                   |  1- 3 |  4- 6 |  7- 9 || total
-------------------------+-------+-------+-------++-------
Melee: Unarmed           |    17 |       |       ||    17
       Constrict         |     5 |    11 |    16 ||    32
       Tentacles         |     2 |     5 |    10 ||    17
       Short sword       |     7 |    62 |    89 ||   158
       Whip              |     1 |       |       ||     1
 Cast: Sting             |    27 |       |       ||    27
       Poisonous Vapours |    24 |    27 |    27 ||    78
       Olgreb's Toxic Ra |       |     1 |     3 ||     4
       Mephitic Cloud    |       |       |     1 ||     1
Invok: Divine Energy     |       |       |     1 ||     1
  Use: Scroll            |     1 |       |       ||     1
 Stab: Sleeping          |       |     5 |    13 ||    18
  Eat: Chunk             |     4 |     7 |     9 ||    20
Armor: Skin              |     2 |    11 |    10 ||    23
Dodge: Dodged            |    11 |    35 |    48 ||    94
